 Dungeon Crawl Stone Soup version 0.30-a0-779-g7971cf19c3 (webtiles) character file.

Game seed: 17777569356904448721

201 Dittersdorf the Covered (level 5, -8/34 HPs)
             Began as a Gargoyle Fighter on Feb 17, 2023.
             Killed from afar by Dowan (18 damage)
             ... with a stone arrow
             ... on level 4 of the Dungeon.
             The game lasted 00:05:52 (3062 turns).

Dittersdorf the Covered (Gargoyle Fighter)          Turns: 3062, Time: 00:05:53

Health: -8/34      AC: 14    Str: 27    XL:     5   Next: 79%
Magic:  2/5        EV:  6    Int:  9    God:
Gold:   232        SH:  9    Dex:  9    Spells: 4/4 levels left

rFire   . . .      SeeInvis .    a - +0 morningstar
rCold   . . .      Faith    .    q - +1 kite shield
rNeg    + . .      Spirit   .    t - +0 chain mail
rPois   ∞          Reflect  .    (no helmet)
rElec   +          Harm     .    (no cloak)
rCorr   .          Rampage  .    (no gloves)
Will    .....                    c - +0 pair of boots Stlth
                                 (no amulet)
HPRegen 0.25/turn                e - +6 ring of strength
MPRegen 0.09/turn                (no ring)

@: no status effects
A: sickness immunity, AC +4, negative energy resistance 1, electricity
resistance, torment resistance 1, petrification resistance
a: no special abilities


You were on level 4 of the Dungeon.
You visited 1 branch of the dungeon, and saw 4 of its levels.

You collected 232 gold pieces.

Inventory:

Hand Weapons
 a - a +0 morningstar (weapon)
 b - the +7 sling of the Fox {antimagic, Dex+4}
   (You found it on level 2 of the Dungeon)

   Dex:       It affects your dexterity (+4).
Armour
 c - a +0 pair of boots (worn)
 l - a +0 scale mail
 q - a +1 kite shield (worn)
 t - a +0 chain mail (worn)
Jewellery
 e - a +6 ring of strength (left hand)
Wands
 r - a wand of iceblast (8) (quivered)
Scrolls
 m - a scroll of fear
 n - 2 scrolls of enchant weapon
 u - a scroll of magic mapping {unknown}
 v - a scroll of immolation {unknown}
 w - a scroll of noise {unknown}
Potions
 d - a potion of might
 f - 3 potions of curing
 g - a potion of brilliance {unknown}
 i - a potion of flight {unknown}
 p - 2 potions of ambrosia {unknown}
 s - a potion of attraction {unknown}


   Skills:
 + Level 4.3 Fighting
 + Level 3.4 Maces & Flails
 + Level 4.4 Armour
 + Level 4.4 Shields


You had 4 spell levels left.
You didn't know any spells.
Your spell library contained the following spells:

 Spells                   Type           Power      Damage    Failure   Level
 Animate Armour           Summ/Erth      0%         N/A       100%        4
 Blade Hands              Tmut           0%         N/A       100%        5
 Iron Shot                Conj/Erth      0%         9d1       100%        6


Dungeon Overview and Level Annotations

Branches:
Dungeon (4/15)
 Temple: D:4-7

Altars:
Zin

Shops:
D:1 **[=

Annotations:
D:4 Dowan


Innate Abilities, Weirdness & Mutations

You are immune to sickness and miasma.
Your stone body is resilient. (AC +4)
You are immune to poison.
You resist negative energy. (rN+)
You are resistant to electric shocks. (rElec)
You are resistant to unholy torment.
You are immune to petrification.


Message History

Duvessa says, "My weaknesses are his strengths!"
You block Duvessa's attack. Dowan hits you with a +0 dagger.
You closely miss Duvessa.
Duvessa is lightly wounded.
Duvessa hits you but does no damage.
Dowan mumbles some strange words.
Dowan blinks!
You thump Duvessa!
Duvessa is moderately wounded.
Duvessa hits you with a +0 short sword. Duvessa hits you but does no damage.
You hit Duvessa.
Duvessa is heavily wounded.
Duvessa says, "When magic and the sword combine, nothing stands against them."
You block Duvessa's attack.
You hit Duvessa but do no damage.
Duvessa is heavily wounded.
Duvessa barely misses you. Duvessa hits you but does no damage.
Dowan casts a spell.
Dowan blinks!
You hit Duvessa but do no damage.
Duvessa is heavily wounded.
Duvessa hits you but does no damage.
You hit Duvessa.
Duvessa is heavily wounded.
Duvessa hits you with a +0 short sword. x2
* * * LOW HITPOINT WARNING * * *
You closely miss Duvessa.
Duvessa is heavily wounded.
You block Duvessa's attack.
You hit Duvessa.
Duvessa is severely wounded.
Duvessa barely misses you. Duvessa hits you but does no damage.
You sock Duvessa!
You kill Duvessa!
Dowan's eyes darken. "You have made a black mistake."
Dowan seems to find hidden reserves of power!
Dowan points at you and mumbles some strange words.
The stone arrow hits you!!
Ouch! That really hurt!
You die...

#.# #.# #.# #.# #.#
#.# ..#
#####.##########
####.#
#.e@)...........
....#
#.###...######## ...#
#.###...# #..#
#.......# #..#
##.####..#
##.###..###...###..#
...................#
##.##.#.###...####.#
###.##.#.####.......#


You could see Dowan (fast).

Vanquished Creatures
  Duvessa (D:4)
  A hound (D:4)
  An iguana (D:3)
  An orc wizard (D:3)
  3 gnolls
  A worm (D:2)
  3 dart slugs
  14 orcs
  3 ball pythons
  7 endoplasms
  6 goblins
  5 hobgoblins
  4 quokkas
  6 bats
  3 frilled lizards
  6 kobolds
  2 rats
67 creatures vanquished.

Vanquished Creatures (others)
  A plant (D:1)
1 creature vanquished.

Grand Total: 68 creatures vanquished

Notes
Turn   | Place    | Note
-------+----------+-------------------------------------------
     0 | D:1      | Dittersdorf the Gargoyle Fighter began the quest for the
                  | Orb.
     0 | D:1      | Reached XP level 1. HP: 14/14 MP: 1/1
    30 | D:1      | Found Inomanar's General Store.
   210 | D:1      | Found Ytroj's Armour Emporium.
   219 | D:1      | Reached XP level 2. HP: 19/19 MP: 2/2
   286 | D:1      | Found Backyloz's General Store.
   575 | D:1      | Found a faded altar of an unknown god.
   648 | D:1      | Found Lirhal's Jewellery Shoppe.
   906 | D:2      | Identified the +7 sling of the Fox {antimagic, Dex+4}
   958 | D:2      | Found a glowing silver altar of Zin.
  1340 | D:2      | Reached XP level 3. HP: 23/23 MP: 1/3
  2171 | D:3      | Reached XP level 4. HP: 28/29 MP: 1/4
  2208 | D:3      | Reached XP level 5. HP: 22/33 MP: 1/5
  3042 | D:4      | Noticed Duvessa
  3042 | D:4      | Noticed Dowan
  3062 | D:4      | Killed Duvessa
  3062 | D:4      | Killed from afar by Dowan

Illustrated notes

Levels and vault maps discovered:
D:1:      wander_arrival_fairy_ring, layout_basic, serial_shops,
          nicolae_shop_crystal, shop, shop_coins, nicolae_lakefront_shop,
          nicolae_ecumenical_lake_church, serial_bayou_ford_a,
          supply_closet_lemuel
D:2:      layout_loops_corners, basic_altar
D:3:      layout_loops_ring, grunt_decor_arrowhead
D:4:      layout_loops_ring, nicolae_overflow_hidden_temple,
          eat_drink_and_be_merry_uskayaw, xom_confusion_cloud,
          palyth_stone_intersect, nicolae_figureground_pulse, uniq_duvessa

Skill      XL: |  1  2  3  4 |
---------------+-------------+-----
Armour         | 4 |  4.4
Shields        | 4 |  4.4
Fighting       | 4 |  4.3
Maces & Flails | 3 |  3.4

Action                     |  1- 3 |  4- 6 || total
---------------------------+-------+-------++-------
  Melee: Flail             |    56 |     7 ||    63
         Morningstar       |       |    25 ||    25
   Fire: Sling             |    55 |    59 ||   114
    Use: Scroll            |       |     6 ||     6
 Armour: Scale mail        |    29 |       ||    29
         Chain mail        |     8 |    65 ||    73
  Dodge: Dodged            |    45 |    29 ||    74
  Block: Buckler           |     8 |       ||     8
         Kite shield       |    11 |    45 ||    56

Table legend: (Time is in decaauts)
 A = Elapsed time spent in this place.
 B = Non-inter-level travel time spent in this place.
 C = Inter-level travel time spent in this place.
 D = Time resting spent in this place.
 E = Time spent auto-exploring this place.
 F = Levels seen in this place.
 G = Mean time per level.
                   A        B        C        D        E       F      G
               +--------+--------+--------+--------+--------+-----+--------+
         Total |   3200 |   2978 |    222 |    150 |   2280 |   4 |  800.0 |
       Dungeon |   3200 |   2978 |    222 |    150 |   2280 |   4 |  800.0 |
               +--------+--------+--------+--------+--------+-----+--------+

Top non-repeatable levels by time:
     D:3: 1065 daAuts
     D:2: 992 daAuts
     D:1: 971 daAuts
     D:4: 171 daAuts
